 Dungeon Crawl Stone Soup version 0.30-a0-652-gcc886f7154 (webtiles) character file.

Game seed: 16463743824914569021

144 wormed the Ducker (level 5, -2/36 HPs)
             Began as an Octopode Warper on Jan 18, 2023.
             Was an Initiate of Gozag.
             Slain by a phantom (6 damage)
             ... on level 4 of the Dungeon.
             The game lasted 00:04:31 (2559 turns).

wormed the Ducker (Octopode Warper)                 Turns: 2559, Time: 00:04:31

Health: -2/36      AC:  1    Str: 10    XL:     5   Next: 26%
Magic:  9/9        EV: 13    Int: 17    God:    Gozag
Gold:   242        SH:  0    Dex: 12    Spells: 7/9 levels left

rFire   . . .      SeeInvis .      - Unarmed
rCold   . . .      Faith    .    (no shield)
rNeg    . . .      Spirit   .    (helmet restricted)
rPois   .          Reflect  .    e - amulet of magic regeneration
rElec   .          Harm     .    (no ring)
rCorr   .          Rampage  .    (no ring)
Will    .....                    (no ring)
Stlth   ++                       (no ring)
HPRegen 0.26/turn                (no ring)
MPRegen 0.51/turn                (no ring)
                                 (no ring)
                                 (no ring)

@: no status effects
A: almost no armour, amphibious, 8 rings, camouflage 1, gelatinous body 1,
(nimble swimmer 1), tentacles
a: Renounce Religion, Potion Petition, Call Merchant, Bribe Branch


You were on level 4 of the Dungeon.
You worshipped Gozag.
Gozag was aware of your devotion.
You visited 1 branch of the dungeon, and saw 4 of its levels.

You collected 274 gold pieces.
You paid 32 gold pieces to Gozag.

Inventory:

Missiles
 g - 3 datura-tipped darts (quivered)
Magical Staves
 k - a staff of air
Jewellery
 e - an amulet of magic regeneration (around mantle)
 h - a ring of fire
Scrolls
 c - a scroll of teleportation
 d - 3 scrolls of magic mapping
Potions
 b - 2 potions of flight
 f - 2 potions of curing
 j - 2 potions of lignification {unknown}
 l - 2 potions of resistance {unknown}


   Skills:
 + Level 3.2 Fighting
 - Level 1.0 Throwing
 + Level 3.3 Dodging
 + Level 3.0 Unarmed Combat
 + Level 2.9 Spellcasting
 - Level 3.0 Translocations


You had 7 spell levels left.
You knew the following spells:

 Your Spells              Type           Power      Damage    Failure   Level
k - Blink                 Tloc           24%        N/A       8%          2

Your spell library contained the following spells:

 Spells                   Type           Power      Damage    Failure   Level
 Lesser Beckoning         Tloc           24%        N/A       8%          2
 Teleport Other           Tloc           12%        N/A       16%         3
 Vhi's Electric Charge    Tloc/Air       14%        N/A       28%         3
 Manifold Assault         Tloc           12%        N/A       45%         4
 Passage of Golubria      Tloc           12%        N/A       45%         4
 Inner Flame              Hex/Fire       2%         N/A       47%         3
 Tukima's Dance           Hex            2%         N/A       47%         3
 Cause Fear               Hex            1%         N/A       87%         4
 Yara's Violent Unravell  Hex/Tmut       1%         3d3       99%         5
 Discord                  Hex            1%         N/A       100%        8


Dungeon Overview and Level Annotations

Branches:
Dungeon (4/15)
 Temple: D:4-7

Altars:
Gozag
Hepliaklqana

Shops:
D:1 (

Annotations:
D:3 Grinder


Innate Abilities, Weirdness & Mutations

You cannot wear most types of armour.
You are amphibious.
You can wear up to eight rings at the same time.
Your skin changes colour to match your surroundings (Stealth+).
Your rubbery body absorbs attacks. (AC +1, EV +1)
((You are camouflaged when in or above water. (Stealth+)))
You have tentacles for arms and can constrict up to eight enemies at once.


Message History

The phantom hits you.
You barely miss the phantom.
The phantom is heavily damaged.
The phantom closely misses you.
You closely miss the phantom.
The phantom is heavily damaged.
The phantom misses you.
You tentacle-slap the phantom. You squeeze the phantom.
The phantom is almost destroyed.
The phantom completely misses you.
You barely miss the phantom.
The phantom is almost destroyed.
The phantom hits you!
You barely miss the phantom.
The phantom is almost destroyed.
The phantom barely misses you.
You tentacle-slap the phantom but do no damage.
Your squeeze misses the phantom.
The phantom is almost destroyed.
The phantom hits you!
* * * LOW HITPOINT WARNING * * *
The phantom blinks!
You blink.
You closely miss the phantom.
The phantom is almost destroyed.
You completely miss the phantom.
Your tentacle-slap misses the phantom.
Your squeeze misses the phantom.
The phantom is almost destroyed.
The phantom closely misses you.
You closely miss the phantom.
The phantom is almost destroyed.
The phantom barely misses you.
You tentacle-slap the phantom.
The phantom is almost destroyed.
The phantom hits you.
* * * LOW HITPOINT WARNING * * *
You tentacle-slap the phantom.
The phantom is almost destroyed.
The phantom hits you.
You die...
Your body crumbles into a pile of gold.

#.((....#
#.# #...#
#.# #...#
#.# ##..#
#.# ##>#
#.#
####.####.#
#......##.#
#...W..##.#
#....@.##.#
#.........#
#......####
#......#
########


You could see a phantom.

Vanquished Creatures
  An orc wizard (D:4)
  A gnoll (D:4)
  3 adders
  A dart slug (D:4)
  3 orcs (D:4)
  4 ball pythons
  6 bats
  8 endoplasms
  3 giant cockroaches
  10 goblins
  5 hobgoblins
  9 jackals
  2 kobolds (D:1)
  3 quokkas
  A frilled lizard (D:1)
  7 rats
67 creatures vanquished.

Notes
Turn   | Place    | Note
-------+----------+-------------------------------------------
     0 | D:1      | wormed the Octopode Warper began the quest for the Orb.
     0 | D:1      | Reached XP level 1. HP: 14/14 MP: 3/3
   116 | D:1      | Reached XP level 2. HP: 18/19 MP: 5/5
   286 | D:1      | Found Taveemm's Antique Weapon Boutique.
   292 | D:1      | Reached XP level 3. HP: 21/25 MP: 6/6
   735 | D:2      | Learned a level 2 spell: Blink
   859 | D:2      | Reached XP level 4. HP: 29/30 MP: 7/7
  1426 | D:3      | Found a hazy altar of Hepliaklqana.
  1426 | D:3      | Found an opulent altar of Gozag.
  1430 | D:3      | Became a worshipper of Gozag Ym Sagoz the Greedy
  1486 | D:3      | Noticed Grinder
  1613 | D:3      | Identified the +7 short sword of Undoing {heavy, rPois
                  | Str+4 Dex+3}
  1723 | D:3      | Paralysed by Grinder for 4 turns
  2128 | D:4      | Reached XP level 5. HP: 16/36 MP: 9/9
  2531 | D:4      | Noticed a phantom
  2559 | D:4      | Slain by a phantom

Illustrated notes

Levels and vault maps discovered:
D:1:      minmay_arrival_five_plusses, layout_rooms, serial_shops,
          nicolae_shop_stone
D:2:      layout_basic
D:3:      layout_basic, gammafunk_temple_overflow_wave, minmay_box_of_dots,
          uniq_grinder
D:4:      layout_basic, fountainhead

Skill      XL: |  1  2  3  4  5 |
---------------+----------------+-----
Dodging        | 3 |  3.3
Fighting       | 3 |  3.2
Unarmed Combat | 3 |  3.0
Throwing       | |  1.0
Spellcasting   | |  2.9
Translocations | |  3.0

Action                   |  1- 3 |  4- 6 || total
-------------------------+-------+-------++-------
Melee: Unarmed           |    96 |   102 ||   198
       Constrict         |    23 |    20 ||    43
       Tentacles         |    24 |    22 ||    46
       Punch             |     1 |     2 ||     3
Throw: Dart              |       |     2 ||     2
 Cast: Blink             |       |     2 ||     2
  Use: Scroll            |     1 |     9 ||    10
 Stab: Sleeping          |     6 |     3 ||     9
Armor: Skin              |    10 |     6 ||    16
Dodge: Dodged            |    51 |    56 ||   107

Table legend: (Time is in decaauts)
 A = Elapsed time spent in this place.
 B = Non-inter-level travel time spent in this place.
 C = Inter-level travel time spent in this place.
 D = Time resting spent in this place.
 E = Time spent auto-exploring this place.
 F = Levels seen in this place.
 G = Mean time per level.
                   A        B        C        D        E       F      G
               +--------+--------+--------+--------+--------+-----+--------+
         Total |   2550 |   2480 |     70 |      2 |   1843 |   4 |  637.5 |
       Dungeon |   2550 |   2480 |     70 |      2 |   1843 |   4 |  637.5 |
               +--------+--------+--------+--------+--------+-----+--------+

Top non-repeatable levels by time:
     D:2: 830 daAuts
     D:3: 740 daAuts
     D:1: 554 daAuts
     D:4: 425 daAuts
